AoeStats
← El Messias

Nomad

510163678Analyzed
3v3 RM · 4d ago on Sep 29, 2026· 52m 10s· 6 players
Game mode
Random Map
Map size
210×210
Population
200
Speed
Normal
Resources
Standard
Victory
Conquest
Starting age
Dark Age
Ending age
Imperial Age
RankedLock teamsTeams togetherTeam positionsShared explorationLock speedFull tech treeHidden civsTurbo modeCheats
Victory
Defeat
🇺🇸 Turks · United States
548
+10
🇧🇴 Bengalis · Bolivia
445
+14
🇧🇴 Varangians · Bolivia
410
+16
🇹🇷 Turks · Türkiye
520
-18
🇩🇰 Byzantines · Denmark
382
-12
🇨🇭 Vietnamese · Switzerland
314
-10
Max PaUra
13:08 Loom
26:49 Feudal Age
30:54 Bloodlines
31:09 Gold Mining
31:11 Stone Mining
31:38 Horse Collar
33:20 Double-Bit Axe
33:38 Arson
36:51 Castle Age
34:40 Town Watch
36:40 Forging
36:38 Scale Barding Armor
36:24 Fletching
36:36 Padded Archer Armor
36:37 Scale Mail Armor
40:49 Husbandry
43:56 Wheelbarrow
47:03 Hand Cart
fight for your rights
3:37 Loom
16:08 Feudal Age
17:55 Wheelbarrow
17:53 Stone Mining
18:30 Arson
21:39 Scale Mail Armor
21:49 Forging
22:29 Double-Bit Axe
28:25 Castle Age
27:18 Gold Mining
27:20 Horse Collar
29:32 Chain Mail Armor
29:52 Iron Casting
32:05 Gold Shaft Mining
Omer burak3514
5:02 Loom
16:36 Feudal Age
17:35 Arson
18:16 Town Watch
20:47 Bloodlines
27:52 Castle Age
32:02 Husbandry
33:27 Squires
41:07 Imperial Age
FEARthisDUDE
5:31 Loom
17:22 Feudal Age
17:56 Town Watch
18:06 Double-Bit Axe
21:04 Wheelbarrow
20:17 Horse Collar
22:12 Stone Mining
23:26 Fishing Lines
25:29 Bloodlines
28:12 Castle Age
31:41 Gillnets
34:03 Fletching
34:16 Gold Mining
34:46 Hand Cart
38:32 Imperial Age
40:52 Conscription
46:47 Husbandry
48:57 Medium Warships
52:12 Artillery
Jorgex
5:21 Loom
19:00 Feudal Age
19:51 Double-Bit Axe
20:27 Horse Collar
20:50 Fishing Lines
20:36 Man-at-Arms
22:29 Scale Mail Armor
22:56 Arson
24:22 Scale Barding Armor
24:57 Wheelbarrow
27:58 Forging
29:54 Castle Age
29:53 Padded Archer Armor
30:06 Bloodlines
31:08 Bow Saw
31:16 Hand Cart
30:54 Gillnets
31:07 Gold Mining
30:40 Pikeman
31:23 Squires
32:20 Chain Barding Armor
32:36 Gambesons
33:14 Town Watch
33:11 Demolition Ship
34:30 Stone Mining
34:49 Heavy Plow
35:17 Chain Mail Armor
36:52 Gold Shaft Mining
35:47 Light Cavalry
38:38 Husbandry
40:38 Fortified Wall
43:38 Iron Casting
45:36 Imperial Age
45:28 Paiks
48:03 Two-Man Saw
47:40 Plate Barding Armor
47:11 Long Swordsman
48:25 Crop Rotation
52:03 Conscription
51:14 Siege Elephant
El Messias
3:49 Loom
19:10 Feudal Age
21:17 Stone Mining
22:29 Gold Mining
22:55 Double-Bit Axe
35:17 Wheelbarrow
37:44 Fishing Lines
45:07 Castle Age
46:20 Gillnets
46:50 Bow Saw
46:23 Vendel Legacy
Connection lost

Rejoining the realm…

Still unreachable

The connection could not be restored.

Session expired

The server has moved on; the page needs a fresh start.